 Dungeon Crawl Stone Soup version 0.29.1-2-gbd0b4ee654 (webtiles) character file.

Game seed: 13307353584033256575

2853 funnyparkerb the Grappler (level 9, 0/89 HPs)
             Began as a Troll Fighter on Nov 9, 2022.
             Was an Initiate of Wu Jian.
             Slain by a wyvern (5 damage)
             ... while petrified by a basilisk
             ... on level 8 of the Dungeon.
             The game lasted 00:09:08 (5833 turns).

funnyparkerb the Grappler (Troll Fighter)           Turns: 5833, Time: 00:09:08

Health: 0/89       AC: 11    Str: 26    XL:     9   Next: 46%
Magic:  8/8        EV:  1    Int:  8    God:    Wu Jian [......]
Gold:   431        SH:  0    Dex:  9    Spells: 8/8 levels left

rFire   . . .      SeeInvis .     - Unarmed
rCold   + . .      Faith    .   b - +0 kite shield
rNeg    + + +      Spirit   .   a - +0 robe
rPois   ∞          Reflect  +   (helmet restricted)
rElec   .          Harm     .   i - +2 cloak
rCorr   .          Rampage  .   (gloves unavailable)
Will    .....                   (boots unavailable)
Stlth   +.........              H - amulet of reflection
HPRegen 1.04/turn               j - +4 ring of protection
MPRegen 0.11/turn               r - ring of protection from cold

@: lethally poisoned (0 -> 0), petrified
A: large, unfitting armour, claws 3, regeneration 1, shaggy fur 1, tough skin 1
a: Renounce Religion


You were on level 8 of the Dungeon.
You worshipped Wu Jian.
Wu Jian was noncommittal.
You visited 2 branches of the dungeon, and saw 9 of its levels.
You also visited: Sewer.

You collected 431 gold pieces.

Inventory:

Missiles
 p - 5 poisoned darts (quivered)
 y - 5 boomerangs
Armour
 a - a +0 robe (worn)
 b - a +0 kite shield (worn)
 i - a +2 cloak (worn)
Jewellery
 j - a +4 ring of protection (left claw)
 r - a ring of protection from cold (right claw)
 G - a ring of resist corrosion
 H - an amulet of reflection (around neck)
Wands
 v - a wand of charming (4)
 D - a wand of flame (8)
Scrolls
 g - 6 scrolls of fog {unknown}
 h - 12 scrolls of identify {unknown}
 l - a scroll of poison {unknown}
 s - 3 scrolls of enchant armour {unknown}
 t - 4 scrolls of teleportation {unknown}
 w - 2 scrolls of silence {unknown}
 x - 2 scrolls of vulnerability {unknown}
 A - 2 scrolls of summoning {unknown}
 B - 4 scrolls of blinking {unknown}
 C - a scroll of magic mapping {unknown}
 E - a scroll of acquirement {unknown}
 F - a scroll of fear {unknown}
 I - a scroll of amnesia {unknown}
 L - a scroll of enchant weapon {unknown}
Potions
 c - 4 potions of might
 d - 7 potions of heal wounds {unknown}
 e - 3 potions of ambrosia {unknown}
 f - 2 potions of magic {unknown}
 k - 5 potions of curing {unknown}
 m - a potion of degeneration {unknown}
 n - a potion of invisibility {unknown}
 o - 2 potions of attraction {unknown}
 q - 3 potions of brilliance {unknown}
 u - 5 potions of haste {unknown}
 z - 2 potions of lignification {unknown}
 J - 2 potions of flight {unknown}
 K - a potion of cancellation {unknown}


   Skills:
 + Level 5.9 Fighting
 + Level 3.2 Dodging
 + Level 6.4 Shields
 * Level 9.4 Unarmed Combat


You had 8 spell levels left.
You didn't know any spells.
Your spell library contained the following spells:

 Spells                   Type           Power      Damage    Failure   Level
 Static Discharge         Conj/Air       0%         3-3/arc   80%         2
 Portal Projectile        Hex/Tloc       0%         N/A       95%         3
 Stone Arrow              Conj/Erth      0%         3d7       95%         3
 Tukima's Dance           Hex            0%         N/A       95%         3
 Animate Armour           Summ/Erth      0%         N/A       100%        4
 Sticky Flame             Conj/Fire      0%         2d3       100%        4
 Blade Hands              Tmut           0%         N/A       100%        5
 Lightning Bolt           Conj/Air       0%         1d11      100%        5
 Summon Forest            Summ/Tloc      0%         N/A       100%        5
 Summon Mana Viper        Hex/Summ       0%         N/A       100%        5
 Eringya's Noxious Bog    Tmut/Pois      0%         N/A       100%        6
 Summon Cactus Giant      Summ           0%         N/A       100%        6
 Lehudib's Crystal Spear  Conj/Erth      0%         10d2      100%        8
 Maxwell's Capacitive Co  Air            0%         ∞         100%        8


Dungeon Overview and Level Annotations

Branches:
Dungeon (8/15)             Temple (1/1) D:7           Sewer (visited)
   Lair: D:8-11

Altars:
Ashenzari
Cheibriados
Dithmenos
Fedhas
Gozag
Hepliaklqana
Kikubaaqudgha
Makhleb
Nemelex Xobeh
Okawaru
Qazlal
Ru
Sif Muna
Trog
Uskayaw
Vehumet
Wu Jian
Xom
Yredelemnul
Zin
The Shining One

Annotations:
D:7 Duvessa


Innate Abilities, Weirdness & Mutations

You are too large for most types of armour.
You have claws for hands.
Your natural rate of healing is unusually fast.
You are covered in fur. (AC +1)
You have tough skin. (AC +1)


Message History

The wyvern bites you. The water moccasin bites you! The wyvern bites you!
The wyvern bites you. The yak gores you. The basilisk gazes at you.
You resist with some effort. The water moccasin bites you!
The wyvern bites you!
The wyvern bites you but does no damage. x2
The wyvern bites you!
The water moccasin bites you but does no damage.
The yak gores you. The basilisk bites you!
The wyvern bites you but does no damage. x2
The wyvern bites you!
The water moccasin bites you but does no damage.
The wyvern bites you! The basilisk gazes at you. You resist with some effort.
The yak gores you but does no damage. The wyvern bites you.
The wyvern bites you!
The water moccasin bites you but does no damage.
The wyvern bites you!
* * * LOW HITPOINT WARNING * * *
The wyvern bites you but does no damage.
The wyvern bites you.
* * * LOW HITPOINT WARNING * * *
The water moccasin bites you.
* * * LOW HITPOINT WARNING * * *
The yak gores you but does no damage. The basilisk bites you!
* * * LOW HITPOINT WARNING * * *
The wyvern bites you.
* * * LOW HITPOINT WARNING * * *
The wyvern bites you.
* * * LOW HITPOINT WARNING * * *
The wyvern bites you but does no damage.
The water moccasin bites you!
* * * LOW HITPOINT WARNING * * *
The wyvern bites you.
* * * LOW HITPOINT WARNING * * *
The yak gores you but does no damage. The basilisk gazes at you.
The wyvern bites you but does no damage.
The wyvern bites you!
You die...

.............
............##.
............#..
...............
.P....<........
...............
.P....l.....#
..P..sY@l# .#
....!....lSl#..#
P....^.##.YY...#
.....[ #...##..#
..P..###...# #.#
.P.YP...##.# ...
.......##.## #..
##....#..#..#..
###l....).#


You could see 3 yaks, a basilisk, a water moccasin, 3 wyverns and a scorpion.

Vanquished Creatures
  Eustachio (D:4)
  3 yaks (D:6)
  2 water moccasins
  An orc warrior (D:7)
  2 sky beasts
  2 ogres
  A centaur (D:7)
  A phantom (D:5)
  2 necrophages (D:7)
  3 bullfrogs
  5 hounds
  A jelly (D:7)
  Crazy Yiuf (D:3)
  2 gnoll boudas
  6 orc priests
  4 orc wizards
  Ijyb (D:3)
  4 iguanas
  Robin (D:4)
  14 gnolls
  7 river rats (Sewer)
  10 adders
  2 shadow imps (D:6)
  An ufetubus (D:5)
  3 worms
  3 dart slugs
  17 orcs
  14 ball pythons
  4 endoplasms
  2 giant cockroaches
  13 goblins
  12 hobgoblins
  8 jackals
  7 kobolds
  6 quokkas
  4 bats
  7 frilled lizards
  26 rats
203 creatures vanquished.

Vanquished Creatures (others)
  A goblin (D:3)
  A fungus (D:3)
  3 plants
5 creatures vanquished.

Grand Total: 208 creatures vanquished

Notes
Turn   | Place    | Note
-------+----------+-------------------------------------------
     0 | D:1      | funnyparkerb the Troll Fighter began the quest for the Orb.
     0 | D:1      | Reached XP level 1. HP: 22/22 MP: 0/0
    18 | D:1      | Found a faded altar of an unknown god.
    71 | D:1      | Reached XP level 2. HP: 24/29 MP: 1/1
   896 | D:1      | Reached skill level 3 in Unarmed Combat
   896 | D:1      | Reached XP level 3. HP: 36/36 MP: 2/2
   927 | D:2      | Reached XP level 4. HP: 32/44 MP: 3/3
  1673 | D:3      | Reached skill level 4 in Unarmed Combat
  1673 | D:3      | Reached XP level 5. HP: 53/53 MP: 4/4
  1747 | D:3      | Found an ancient bone altar of Kikubaaqudgha.
  1781 | D:3      | Noticed Ijyb
  1795 | D:3      | Killed Ijyb
  1923 | D:3      | Found a runed translucent door.
  1924 | D:3      | Noticed Crazy Yiuf
  2471 | D:3      | Killed Crazy Yiuf
  2637 | D:4      | Found a shadowy altar of Dithmenos.
  2652 | D:4      | Noticed Eustachio
  2660 | D:4      | Killed Eustachio
  2661 | D:4      | Reached skill level 5 in Unarmed Combat
  2661 | D:4      | Reached XP level 6. HP: 56/62 MP: 5/5
  2743 | D:4      | HP: 1/62 [gnoll/+0 halberd[a gnoll bouda] (5)]
  2779 | D:4      | Identified the +1 helmet of the Voracious God {Rampage Fly
                  | Str-2}
  2779 | D:4      | Noticed Robin
  2817 | D:4      | Killed Robin
  2896 | D:4      | Reached XP level 7. HP: 52/68 MP: 6/6
  3265 | D:5      | Entered Level 5 of the Dungeon
  3307 | D:5      | Reached skill level 6 in Unarmed Combat
  3419 | D:5      | Found a sparkling altar of Nemelex Xobeh.
  3586 | D:5      | Reached XP level 8. HP: 71/79 MP: 7/7
  3635 | D:5      | Reached skill level 5 in Shields
  3716 | D:5      | Reached skill level 7 in Unarmed Combat
  3798 | D:5      | Found a glowing golden altar of the Shining One.
  4091 | D:6      | Found a glowing drain.
  4108 | Sewer    | Entered a sewer
  4424 | D:6      | Reached skill level 5 in Fighting
  4718 | D:6      | Reached skill level 8 in Unarmed Combat
  4742 | D:6      | Got the Precepts of Dynamic Venin
  4766 | D:6      | Reached XP level 9. HP: 74/88 MP: 8/8
  5116 | D:7      | Found a staircase to the Ecumenical Temple.
  5128 | Temple   | Entered the Ecumenical Temple
  5302 | Temple   | Became a worshipper of the Wu Jian Council
  5328 | D:7      | Reached skill level 9 in Unarmed Combat
  5770 | D:7      | Noticed Duvessa
  5833 | D:8      | Slain by a wyvern

Illustrated notes

Levels and vault maps discovered:
D:1:      saegor_arrival_simple_a, layout_basic,
          hellmonk_ecumenical_altar_pennies_from_heaven
D:2:      layout_loops_ring
D:3:      layout_loops_ring, nicolae_kikubaaqudgha_miasma_corner,
          uniq_crazy_yiuf_cottage, uniq_ijyb
D:4:      nicolae_cairo_tiling_large, layout_basic,
          mainiacjoe_overflow_alcove_4, uniq_eustachio, uniq_robin
D:5:      layout_rooms, nemelex_dance_club_becter, tso_oasis_becter,
          serial_glass, glass_columns_a, glass_columns_a, glass_columns_a,
          glass_columns_b, glass_columns_c
D:6:      layout_loops_corners, cheibrodos_sewer_entry_bend
D:7:      layout_basic, minmay_temple_entry_wispy, uniq_duvessa
D:8:      layout_cave_pools, minmay_lair_entry_grove, hangedman_decor_growths,
          st_stairs_11, uniq_gastronok, uniq_psyche, uniq_prince_ribbit1
Temple:   bh_familiar_temple

Skill      XL: |  1  2  3  4  5  6  7  8  9 |
---------------+----------------------------+-----
Shields        | 3 4 6 |  6.4
Unarmed Combat | 3 4 5 6 8 9 |  9.4
Fighting       | 3 4 5 |  5.9
Dodging        | 3 |  3.2

Action                   |  1- 3 |  4- 6 |  7- 9 || total
-------------------------+-------+-------+-------++-------
Melee: Unarmed           |    77 |   168 |   333 ||   578
Invok: Lunge             |       |       |     4 ||     4
Armor: Robe              |    23 |    67 |   158 ||   248
Dodge: Dodged            |    21 |    42 |   115 ||   178
Block: Kite shield       |    33 |    66 |   194 ||   293
